 Dungeon Sprint DCSS version 0.17-a0-1446-gc28613e (webtiles) character file.

214 Kidiri the Covert (level 5, -6/24 HPs)
             Began as a Spriggan Enchanter on June 28, 2015.
             Was an Initiate of Dithmenos.
             Mangled by a spriggan
             ... wielding a +0 rapier
              (14 damage)
             ... in the Dungeon (Sprint IV: "Fedhas' Mad Dash").
             The game lasted 00:03:16 (795 turns).

Kidiri the Covert (Spriggan Enchanter)               Turns: 795, Time: 00:03:17

Health: -6/24      AC:  3    Str:  4    XL:     5   Next: 60%
Magic:  8/15       EV: 22    Int: 17    God:    Dithmenos [......]
Gold:   43         SH:  0    Dex: 17    Spells: 5 memorised, 6 levels left

rFire  . . .     SeeInvis +     a - +1 dagger
rCold  . . .     Clarity  .     b - +1 robe
rNeg   . . .     SustAt   .     (shield restricted)
rPois  .         Gourm    .     (helmet restricted)
rElec  .         Spirit   .     (no cloak)
rCorr  .         Warding  .     (gloves unavailable)
rMut   .         NoTele   +     (boots unavailable)
MR     .....                    (no amulet)
Stlth  +++++.....               (no ring)
                                j - ring of invisibility

@: very slightly contaminated, invisible, very quick, not resistant to hostile
enchantments, quite stealthy
A: unfitting armour, see invisible, herbivore 3, speed 3, slow metabolism 2
a: Renounce Religion, Turn Visible


You were in the Dungeon.
You worshipped Dithmenos.
Dithmenos was noncommittal.
You were not hungry.

You visited 1 branch You collected 43 gold pieces.

Inventory:

Hand weapons
 a - a +1 dagger (weapon)
Armour
 b - a +1 robe (worn)
Jewellery
 j - a ring of invisibility (left hand)
Scrolls
 k - a scroll of amnesia {unknown}
 l - a scroll of fear {unknown}
Potions
 e - a potion of curing
 f - a potion of heal wounds
 g - a potion of haste
 h - 2 potions of magic
 i - a potion of berserk rage
Books
 c - a book of Maledictions

   Spells                             Type                      Level
   a - Corona                         Hexes                        1
   b - Ensorcelled Hibernation        Hexes/Ice                    2
   c - Confuse                        Hexes                        3
   d - Tukima's Dance                 Hexes                        3
   e - Dazzling Spray                 Conjuration/Hexes            3
Comestibles
 d - a bread ration


   Skills:
 + Level 4.1 Short Blades
 + Level 6.2 Dodging
 * Level 9.7 Stealth
 * Level 7.1 Spellcasting
 + Level 1.5 Conjurations
 + Level 6.0 Hexes
 + Level 2.6 Ice Magic
 + Level 3.9 Evocations


You had 6 spell levels left.
You knew the following spells:

 Your Spells              Type           Power        Failure   Level  Hunger
a - Corona                Hex            ####...      1%          1    None
b - Ensorcelled Hibernat  Hex/Ice        ###...       2%          2    None
c - Confuse               Hex            ####....     3%          3    ##.....
d - Tukima's Dance        Hex            ####....     3%          3    ##.....
e - Dazzling Spray        Conj/Hex       ###.....     10%         3    ##.....


Dungeon Overview and Level Annotations

Branches:
Dungeon (1/1)

Altars:
Cheibriados
Dithmenos
Elyvilon
Gozag
Kikubaaqudgha
Makhleb
Nemelex Xobeh
Okawaru
Qazlal
Ru
Sif Muna
Trog
Vehumet
Xom
Yredelemnul
Zin
The Shining One
Beogh
Jiyva
Lugonu


Innate Abilities, Weirdness & Mutations

You are tiny and cannot use many weapons and most armour.
You have supernaturally acute eyesight.
You are a herbivore.
You cover ground extremely quickly.
You need consume almost no food.


Message History

Casting: Ensorcelled Hibernation
Confirm with . or Enter, or press ? or * to list all spells.
Aiming: Ensorcelled Hibernation
Press: ? - help, Shift-Dir - straight line, f - spriggan
Aim: a spriggan, wielding a rapier and wearing a robe (chance to defeat MR: 18%)
The spriggan resists with almost no effort.
The spriggan barely misses you.
Casting: Ensorcelled Hibernation
Confirm with . or Enter, or press ? or * to list all spells.
Aiming: Dazzling Spray
Press: ? - help, Shift-Dir - straight line, f/p - spriggan
Aim: a spriggan, wielding a rapier and wearing a robe The spray of energy misses the spriggan.
The spray of energy hits the spriggan.
The spriggan is severely wounded.
The spriggan hits you with a rapier!
Ouch! That really hurt!
The spriggan hits you with a rapier!
Ouch! That really hurt!
You die...

#######################
.#.⌠.........⌠.#@i'$..#
.'._._._._._._.'.i#$.$#
.#_._._._._._._#..###+#
##._._._._._._.#.)#
.#.⌠...._....⌠.####
.############### ##


You could see 2 spriggans.

Vanquished Creatures
  A scorpion (D)
  A worker ant (D)
  4 oklob saplings (D)
  A river rat (D)
  A rat (D)
8 creatures vanquished.

Notes
Turn   | Place    | Note
--------------------------------------------------------------
     0 | D        | Kidiri the Spriggan Enchanter began the quest for the Orb.
     0 | D        | Reached XP level 1. HP: 9/9 MP: 5/5
     8 | D        | Reached skill level 5 in Stealth
     8 | D        | Reached XP level 2. HP: 13/13 MP: 5/7
    18 | D        | Learned a level 2 spell: Ensorcelled Hibernation
    77 | D        | Noticed an oklob sapling
   383 | D        | Noticed a worker ant
   385 | D        | Killed a worker ant
   385 | D        | Reached skill level 6 in Stealth
   385 | D        | Reached skill level 1 in Ice Magic
   385 | D        | Reached XP level 3. HP: 16/16 MP: 8/10
   394 | D        | Learned a level 3 spell: Confuse
   398 | D        | Learned a level 3 spell: Tukima's Dance
   435 | D        | Killed an oklob sapling
   435 | D        | Reached skill level 7 in Stealth
   435 | D        | Reached skill level 5 in Spellcasting
   435 | D        | Reached skill level 1 in Evocations
   447 | D        | Noticed an oklob sapling
   450 | D        | Killed an oklob sapling
   450 | D        | Reached skill level 5 in Dodging
   450 | D        | Reached skill level 5 in Hexes
   450 | D        | Reached XP level 4. HP: 21/21 MP: 9/12
   476 | D        | Learned a level 3 spell: Dazzling Spray
   481 | D        | Found a snail-covered altar of Cheibriados.
   481 | D        | Found a glowing silver altar of Zin.
   481 | D        | Found a white marble altar of Elyvilon.
   481 | D        | Found a viscous altar of Jiyva.
   481 | D        | Found a radiant altar of Vehumet.
   481 | D        | Found a deep blue altar of Sif Muna.
   481 | D        | Found an ancient bone altar of Kikubaaqudgha.
   481 | D        | Found a bloodstained altar of Trog.
   481 | D        | Found a corrupted altar of Lugonu.
   481 | D        | Noticed an oklob sapling priest
   482 | D        | Found a burning altar of Makhleb.
   482 | D        | Found a sacrificial altar of Ru.
   483 | D        | Found a glowing golden altar of the Shining One.
   483 | D        | Found a sparkling altar of Nemelex Xobeh.
   484 | D        | Found a shadowy altar of Dithmenos.
   485 | D        | Found an iron altar of Okawaru.
   485 | D        | Found a shimmering altar of Xom.
   486 | D        | Found an opulent altar of Gozag.
   487 | D        | Found a basalt altar of Yredelemnul.
   487 | D        | Found a roughly hewn altar of Beogh.
   488 | D        | Killed an oklob sapling priest
   488 | D        | Reached skill level 8 in Stealth
   489 | D        | Found a stormy altar of Qazlal.
   494 | D        | Became a worshipper of Dithmenos the Shadowed
   500 | D        | Noticed an oklob sapling wizard
   503 | D        | Killed an oklob sapling wizard
   503 | D        | Reached skill level 9 in Stealth
   503 | D        | Reached skill level 1 in Conjurations
   503 | D        | Reached XP level 5. HP: 24/24 MP: 13/15
   507 | D        | Noticed a scorpion
   791 | D        | Killed a scorpion
   795 | D        | Mangled by a spriggan

Vault maps used:
D:        dungeon_sprint_fedhas

Action                   |  1- 3 |  4- 6 || total
-------------------------+-------+-------++-------
Melee: Dagger            |     9 |     3 ||    12
 Cast: Ensorcelled Hiber |     2 |     1 ||     3
       Dazzling Spray    |       |     1 ||     1
 Abil: Evoke Invisibilit |     1 |     2 ||     3
  Use: Scroll            |     1 |       ||     1
 Stab: Sleeping          |     4 |     2 ||     6
       Invisible         |     1 |     1 ||     2
